 Dungeon Crawl Stone Soup version 0.29.1-15-g9cfb28693d (webtiles) character file.

Game seed: 16830978183501671778

2851 Peloso the Carver (level 9, -7/79 HPs)
             Began as a Minotaur Fighter on Apr 23, 2023.
             Was an Elder of Okawaru.
             Mangled by a gargoyle
             ... wielding a +1 vorpal flail
              (8 damage)
             ... on level 7 of the Dungeon.
             The game lasted 00:10:22 (6929 turns).

Peloso the Carver (Minotaur Fighter)                Turns: 6929, Time: 00:10:23

Health: -7/79      AC: 12    Str: 22    XL:     9   Next: 46%
Magic:  8/8        EV:  9    Int:  5    God:    Okawaru [****..]
Gold:   415        SH:  6    Dex: 15    Spells: 8/8 levels left

rFire   + . .      SeeInvis .   a - +5 falchion of the Distant Future {venom, rF+ Dex+2}
rCold   . . .      Faith    .   d - +0 buckler
rNeg    . . .      Spirit   .   r - +0 chain mail
rPois   .          Reflect  .   (helmet restricted)
rElec   .          Harm     .   (no cloak)
rCorr   .          Rampage  .   c - +0 pair of gloves
Will    .....                   (no boots)
Stlth   ..........              (no amulet)
HPRegen 0.23/turn               (no ring)
MPRegen 0.11/turn               (no ring)

@: hasted, very quick
A: horns 2, retaliatory headbutt
a: Renounce Religion, Heroism, Finesse


You were on level 7 of the Dungeon.
You worshipped Okawaru.
Okawaru was greatly pleased with you.
You visited 2 branches of the dungeon, and saw 8 of its levels.

You collected 415 gold pieces.

Inventory:

Hand Weapons
 a - the +5 falchion of the Distant Future (weapon) {venom, rF+ Dex+2}
   (You found it on level 3 of the Dungeon)

   It poisons the flesh of those it strikes.
   Dex:       It affects your dexterity (+2).
   rF:        It protects you from fire.
 b - a +6 falchion of freezing
Armour
 c - a +0 pair of gloves (worn)
 d - a +0 buckler (worn)
 g - a +0 scale mail
 r - a +0 chain mail (worn)
Jewellery
 u - the amulet "Jemm" {Spirit Harm rPois Will-}
   (You found it on level 5 of the Dungeon)

   [amulet of guardian spirit]

   It causes incoming damage to be divided between your reserves of health and
   magic.
   rPois:     It protects you from poison.
   Harm:      It increases damage dealt and taken.
   Will:      It decreases your willpower.
Wands
 j - a wand of iceblast (13)
 s - a wand of flame (11)
Scrolls
 e - 2 scrolls of magic mapping
 h - 4 scrolls of immolation {unknown}
 l - a scroll of enchant armour {unknown}
 m - a scroll of summoning {unknown}
 q - a scroll of identify
 t - a scroll of fog {unknown}
Potions
 f - a potion of flight
 i - a potion of brilliance
 k - a potion of haste
 n - 2 potions of might
 o - a potion of resistance
 p - 3 potions of berserk rage


   Skills:
 + Level 7.1 Fighting
 + Level 10.2 Long Blades
 + Level 9.1 Armour
 + Level 2.5 Dodging
 + Level 1.0 Stealth
 + Level 6.5 Shields


You had 8 spell levels left.
You didn't know any spells.
Your spell library contained the following spells:

 Spells                   Type           Power      Damage    Failure   Level
 Poisonous Vapours        Pois/Air       0%         N/A       100%        2
 Portal Projectile        Hex/Tloc       0%         N/A       100%        3
 Corpse Rot               Necr/Pois/Air  0%         N/A       100%        4
 Blade Hands              Tmut           0%         N/A       100%        5
 Tukima's Dance           Hex            Unusable   N/A       N/A         3

Dungeon Overview and Level Annotations

Branches:
Dungeon (7/15)             Temple (1/1) D:4

Altars:
Ashenzari
Cheibriados
Dithmenos
Elyvilon
Fedhas
Gozag
Hepliaklqana
Kikubaaqudgha
Makhleb
Nemelex Xobeh
Okawaru
Qazlal
Ru
Sif Muna
Trog
Uskayaw
Vehumet
Wu Jian
Xom
Yredelemnul
Zin
The Shining One

Shops:
D:5 =

Annotations:
D:4 1 runed translucent door, engelados's ghost, amateur OpCj


Innate Abilities, Weirdness & Mutations

You have a pair of horns on your head.
You reflexively headbutt those who attack you in melee.


Message History

A gargoyle is nearby!
A wight comes into view. It is wielding a +3 battleaxe.
A wight comes into view. It is wielding a +0 hand axe.
The gargoyle hits you with a +1 vorpal flail!
A wight comes into view. It is wielding a +0 great sword.
You hit the gargoyle but do no damage.
The gargoyle hits you with a +1 vorpal flail.
You hit the gargoyle but do no damage. You block the gargoyle's attack.
You hit the gargoyle. You headbutt the gargoyle.
The gargoyle is lightly damaged.
You block the gargoyle's attack.
A wight comes into view. It is wielding a +0 dagger.
You hit the gargoyle but do no damage.
The gargoyle is lightly damaged.
The gargoyle hits you with a +1 vorpal flail!
You hit the gargoyle but do no damage.
The gargoyle is lightly damaged.
The gargoyle hits you with a +1 vorpal flail!!
You barely miss the gargoyle.
The gargoyle is lightly damaged.
You hit the gargoyle but do no damage.
The gargoyle is lightly damaged.
The gargoyle barely misses you.
You hit the gargoyle.
The gargoyle is moderately damaged.
The gargoyle hits you but does no damage.
You hit the gargoyle but do no damage.
You headbutt the gargoyle, but do no damage.
The gargoyle is moderately damaged.
The gargoyle hits you with a +1 vorpal flail!
* * * LOW HITPOINT WARNING * * *
x2 You hit the gargoyle but do no damage.
The gargoyle is moderately damaged.
The gargoyle hurls a stone arrow at you.
The stone arrow hits you!
* * * LOW HITPOINT WARNING * * *
Okay, then.
You feel yourself speed up.
The gargoyle hits you with a +1 vorpal flail!
You die...

#............
########.#.#######
#..............)..
#.######..........
#.# #......####
#.# #...#.#.# #.#
#.###.#.# #.# #>.
..... #@# ###
####.#. #9# ..#.#
#z# ..# #z# #z#
#z# #.# #.#


You could see a gargoyle and 4 wights.

Vanquished Creatures
  A slime creature (D:6)
  A steam dragon (D:6)
  2 water moccasins (D:5)
  3 ice beasts (D:6)
  2 black bears
  A centaur (D:7)
  2 phantoms (D:5)
  2 bullfrogs (D:6)
  A necrophage (D:4)
  A gnoll sergeant (D:4)
  3 scorpions
  5 wights (D:6)
  6 killer bees (D:5)
  6 jellies (D:6)
  An orc priest (D:4)
  3 hounds
  4 iguanas
  2 orc wizards
  8 gnolls (D:4)
  6 adders
  A white imp (D:6)
  2 ufetubi (D:5)
  3 worms
  2 dart slugs (D:2)
  8 orcs
  3 ball pythons
  4 bats
  26 endoplasms
  4 giant cockroaches
  7 goblins
  6 hobgoblins
  10 jackals
  5 kobolds
  2 quokkas
  A frilled lizard (D:2)
  2 rats
146 creatures vanquished.

Vanquished Creatures (others)
  8 fungi (D:6)
  7 plants
15 creatures vanquished.

Grand Total: 161 creatures vanquished

Notes
Turn   | Place    | Note
-------+----------+-------------------------------------------
     0 | D:1      | Peloso the Minotaur Fighter began the quest for the Orb.
     0 | D:1      | Reached XP level 1. HP: 19/19 MP: 0/0
   169 | D:1      | Reached XP level 2. HP: 15/27 MP: 1/1
   773 | D:1      | Reached skill level 3 in Long Blades
   773 | D:1      | Reached XP level 3. HP: 30/33 MP: 2/2
  2195 | D:3      | Identified the +6 giant club of Floods {flame, *Rage rPois
                  | Str+2}
  2200 | D:3      | Identified the +5 falchion of the Distant Future {venom,
                  | rF+ Dex+2}
  2441 | D:3      | Reached XP level 4. HP: 40/40 MP: 3/3
  3052 | D:4      | Reached skill level 4 in Long Blades
  3054 | D:4      | Reached XP level 5. HP: 43/47 MP: 4/4
  3063 | D:4      | Reached skill level 1 in Dodging
  3067 | D:4      | Reached skill level 5 in Armour
  3152 | D:4      | Noticed engelados's ghost (amateur OpCj)
  3155 | D:4      | Found a runed translucent door.
  3208 | D:4      | Reached XP level 6. HP: 29/53 MP: 5/5
  3461 | D:4      | Found a staircase to the Ecumenical Temple.
  3467 | D:4      | Reached skill level 5 in Long Blades
  3472 | Temple   | Entered the Ecumenical Temple
  3601 | Temple   | Became a worshipper of Warmaster Okawaru
  3877 | D:4      | Reached skill level 5 in Fighting
  3877 | D:4      | Reached skill level 6 in Long Blades
  3877 | D:4      | Reached XP level 7. HP: 46/61 MP: 6/6
  4221 | D:5      | Entered Level 5 of the Dungeon
  4232 | D:5      | Reached * piety under Okawaru
  4485 | D:5      | Identified the amulet "Jemm" {Spirit Harm rPois Will-}
  4506 | D:5      | Found Relahy's Jewellery Shop.
  4634 | D:5      | Reached skill level 5 in Shields
  4933 | D:5      | Reached skill level 7 in Long Blades
  5039 | D:5      | Reached ** piety under Okawaru
  5040 | D:5      | Reached XP level 8. HP: 52/70 MP: 7/7
  5383 | D:5      | Reached skill level 8 in Long Blades
  5400 | D:5      | Reached skill level 1 in Stealth
  5553 | D:6      | Found a sparkling altar of Nemelex Xobeh.
  5865 | D:6      | Reached *** piety under Okawaru
  5885 | D:6      | Reached skill level 9 in Long Blades
  6128 | D:6      | Reached XP level 9. HP: 78/78 MP: 8/8
  6447 | D:6      | Reached **** piety under Okawaru
  6448 | D:6      | Reached skill level 10 in Long Blades
  6915 | D:7      | Noticed a gargoyle
  6928 | D:7      | HP: 1/79 [gargoyle/stone arrow (17)]
  6929 | D:7      | Mangled by a gargoyle

Illustrated notes

Levels and vault maps discovered:
D:1:      tarquinn_simple_flora_water_f, layout_basic, nrook_uturn
D:2:      layout_basic, minmay_pentomino_r2
D:3:      kb_forest_paths, layout_basic
D:4:      black_bear_nest_2, layout_rooms, minmay_temple_entry_proselytizer,
          hellmonk_ghost_happy_afterlife, nicolae_grassy_gnolls
D:5:      layout_basic, grunt_ministairs_8, serial_bayou_pond_b,
          minmay_shop_enchanted_jewellery, amcnicky_mini_rare_corridor_liquid
D:6:      lemuel_slime, layout_loops_cross, overflow_temple_1_default
D:7:      layout_basic, uniq_pikel
Temple:   compressed_dpeg_triangle_lava_temple

Skill      XL: |  1  2  3  4  5  6  7  8  9 |
---------------+----------------------------+-----
Armour         | 4 5 6 8 9 |  9.1
Fighting       | 4 5 6 7 |  7.1
Long Blades    | 3 4 6 7 9 10 | 10.2
Shields        | 4 5 6 |  6.5
Dodging        | 1 2 |  2.5
Stealth        | 1 |  1.0

Action                   |  1- 3 |  4- 6 |  7- 9 || total
-------------------------+-------+-------+-------++-------
Melee: Long sword        |    74 |       |       ||    74
       Headbutt          |    16 |    20 |    40 ||    76
       Falchion          |     7 |    87 |   187 ||   281
  Use: Scroll            |     5 |     2 |     2 ||     9
       Potion            |     1 |       |     2 ||     3
Armor: Scale mail        |    46 |    30 |       ||    76
       Chain mail        |       |    30 |    71 ||   101
Dodge: Dodged            |    47 |    45 |    59 ||   151
Block: Buckler           |    19 |    29 |    42 ||    90
